 Dungeon Crawl Stone Soup version 0.17.1-3-g152610e (webtiles) character file.

3881 WarriorsX the Carver (level 10, -3/70 HPs)
             Began as a Human Fighter on Mar 5, 2016.
             Was a Believer of Makhleb.
             Slain by a troll (10 damage)
             ... on level 8 of the Dungeon.
             The game lasted 00:38:18 (9260 turns).

WarriorsX the Carver (Human Fighter)                Turns: 9260, Time: 00:38:18

Health: -3/70      AC: 18    Str: 20    XL:     10   Next: 42%
Magic:  10/10      EV:  7    Int:  8    God:    Makhleb [**....]
Gold:   0          SH: 11    Dex: 13    Spells: 2 memorised, 16 levels left

rFire  . . .     SeeInvis .     a - +1 long sword
rCold  . . .     Clarity  .     E - +1 chain mail of the Spider Nest {rN++ Regen+ MP-9}
rNeg   + + .     SustAt   .     c - +1 shield
rPois  +         Gourm    .     s - +0 helmet
rElec  .         Spirit   .     K - +0 cloak
rCorr  .         Warding  .     (no gloves)
rMut   .         Stasis   .     (no boots)
MR     +....                    (no amulet)
Stlth  ..........               g - ring of poison resistance
                                r - +4 ring of protection

@: somewhat resistant to hostile enchantments, extremely unstealthy
A: high mp 1, magic resistance 1, spit poison 1, wild magic 1, evolution 1
a: Spit Poison, Minor Destruction, Renounce Religion


You were on level 8 of the Dungeon.
You worshipped Makhleb.
Makhleb was pleased with you.
You were hungry.

You visited 2 branches of the dungeon, and saw 10 of its levels.

Inventory:

Hand Weapons
 a - a +1 long sword (weapon)
Armour
 c - a +1 shield (worn)
 s - a +0 helmet (worn)
 E - the +1 chain mail of the Spider Nest (worn) {rN++ Regen+ MP-9}
   (You acquired it on level 8 of the Dungeon)

   It greatly protects you from negative energy.
   It affects your magic capacity (-9).
   It increases your rate of regeneration.
 K - a +0 cloak (worn)
Jewellery
 g - a ring of poison resistance (right hand)
 r - a +4 ring of protection (left hand)
 w - an uncursed ring of flight
 y - a +6 ring of dexterity
Wands
 m - a wand of flame (8)
 n - a wand of flame (21)
 q - a wand of random effects (17)
 I - a wand of paralysis (4)
Scrolls
 h - a scroll of immolation
 i - 2 scrolls of teleportation
 k - 4 scrolls of enchant armour
 o - 4 scrolls of identify
 v - a scroll of enchant weapon
 z - 4 scrolls of random uselessness
 A - a scroll of remove curse
 C - a scroll of magic mapping
Potions
 d - 3 potions of might
 f - 2 potions of resistance
 u - a potion of agility
 F - a potion of curing
Books
 t - a book of Frost

   Spells                             Type                      Level
   a - Freeze                         Ice                          1
   b - Throw Frost                    Conjuration/Ice              2
   c - Ozocubu's Armour               Charms/Ice                   3
   d - Throw Icicle                   Conjuration/Ice              4
   e - Summon Ice Beast               Ice/Summoning                4
   f - Condensation Shield            Ice                          4
 D - a book of Transfigurations

   Spells                             Type                      Level
   a - Stoneskin                      Transmutation/Earth          2
   b - Irradiate                      Conjuration/Transmutation    5
   c - Statue Form                    Transmutation/Earth          6
   d - Hydra Form                     Transmutation                6
   e - Dragon Form                    Transmutation                7
Comestibles
 e - 4 bread rations
 l - a slice of pizza
 x - 2 fruits
 G - a royal jelly
 H - 2 meat rations


   Skills:
 - Level 3.0 Fighting
 + Level 8.0 Long Blades
 + Level 8.0 Armour
 - Level 3.2 Dodging
 - Level 5.2 Shields
 - Level 5.3 Spellcasting
 - Level 4.8 Transmutations


You had 16 spell levels left.
You knew the following spells:

 Your Spells              Type           Power        Failure   Level  Hunger
a - Freeze                Ice            #...         100%        1    #......
b - Stoneskin             Trmt/Erth      #.......     100%        2    ##.....


Dungeon Overview and Level Annotations

Branches:
Dungeon (9/15)             Temple (1/1) D:7            Lair (0/8) D:8
    Orc: D:9-12

Altars:
Ashenzari
Cheibriados
Dithmenos
Elyvilon
Fedhas
Gozag
Kikubaaqudgha
Makhleb
Nemelex Xobeh
Okawaru
Qazlal
Ru
Sif Muna
Trog
Xom
Yredelemnul
Zin
The Shining One

Shops:
D:5 =   D:6 %

Annotations:
D:8 Maurice


Innate Abilities, Weirdness & Mutations

You have an increased reservoir of magic (+10% MP).
You are resistant to hostile enchantments.
You can spit weak poison.
Your spells are a little harder to cast, but a little more powerful.
You evolve.


Message History

Aim: a troll (severely wounded, chance to defeat MR: 46%)
The troll resists with some effort.
Evoking this partially-identified wand wasted a few charges.
The troll completely misses you. The troll closely misses you.
The troll completely misses you.
Zapping:
I - a wand of paralysis {zapped: 3} (will waste charges)
Press: ? - help, Shift-Dir - straight line, f/p - troll
Aim: a troll (severely wounded, chance to defeat MR: 46%)
The troll resists with some effort.
Evoking this partially-identified wand wasted a few charges.
The troll bites you but does no damage. The troll claws you but does no damage.
The troll claws you but does no damage.
Zapping:
m - a wand of flame {zapped: 8} (will waste charges)
Press: ? - help, Shift-Dir - straight line, f/p - troll
Aim: a troll (severely wounded)
The puff of flame hits the troll.
The troll is almost dead.
Evoking this partially-identified wand wasted a few charges.
The troll bites you!
You die...

#..###.##.#.#.#.# #...#
.......##.......# #...#
...######.#.#..## #...# ####
#.......########...## # .#
#.............##..).# # .#
#.#.....##.#..##....##### .#
#.##.#..##.########....## .# ####
#.......##..........##.## .#
#..####.#....@#########..##.##
.###..#....#.##T.........##......
......#.#####......#####.#.###.##
......#....#...........#....##.#
......####.#..##.......#.......#
#.#####.##....##.......##...####
##.#................>..###.##
##..##.##.#..########## #.#
##.#.##.##.#..# #.####


You could see a troll.

Vanquished Creatures
  An elephant (D:8)
  Sigmund (D:4)
  A wyvern (D:8)
  A hungry ghost (D:8)
  2 water moccasins
  A sky beast (D:6)
  4 ice beasts
  2 ogres
  2 centaurs
  A crocodile (D:8)
  A phantom (D:4)
  An orc warrior (D:6)
  7 giant frogs
  Blork the orc (D:6)
  2 scorpions (D:8)
  5 wights (D:6)
  A giant frog zombie (D:4)
  4 hounds
  2 jellies
  A centaur zombie (D:8)
  4 orc wizards
  3 crimson imps
  A centaur skeleton (D:4)
  A giant frog skeleton (D:4)
  6 worker ants
  A sheep (D:8)
  2 worker ant zombies
  9 adders
  2 shadow imps
  An ooze (D:3)
  2 adder zombies
  4 worms
  10 giant geckos
  18 orcs
  12 giant cockroaches
  10 goblins
  5 hobgoblins
  24 jackals
  8 quokkas
  7 bats
  A giant gecko skeleton (D:4)
  3 giant newts
  15 kobolds
  A quokka zombie (D:8)
  6 rats
197 creatures vanquished.

Notes
Turn   | Place    | Note
--------------------------------------------------------------
     0 | D:1      | WarriorsX the Human Fighter began the quest for the Orb.
     0 | D:1      | Reached XP level 1. HP: 18/18 MP: 1/1
    55 | D:1      | Reached XP level 2. HP: 24/24 MP: 2/2
   601 | D:1      | Found a shimmering altar of Xom.
   680 | D:1      | Reached XP level 3. HP: 15/29 MP: 3/3
  1047 | D:2      | Gained mutation: You evolve. [potion of mutation]
  1047 | D:2      | Gained mutation: Your spells are a little harder to cast, but a little more powerful. [potion of mutation]
  1047 | D:2      | Gained mutation: You can spit weak poison. [potion of mutation]
  1062 | D:2      | Reached skill level 4 in Long Blades
  1062 | D:2      | Reached XP level 4. HP: 35/35 MP: 4/4
  1472 | D:2      | Gained mutation: You have an increased reservoir of magic (+10% MP). [evolution]
  1762 | D:3      | You fall through a shaft!
  1928 | D:4      | Reached XP level 5. HP: 37/41 MP: 5/5
  1996 | D:4      | Noticed Sigmund
  2020 | D:4      | Reached skill level 5 in Long Blades
  2266 | D:3      | Found an iron altar of Okawaru.
  2513 | D:3      | Found a deep blue altar of Sif Muna.
  2579 | D:3      | Reached XP level 6. HP: 44/47 MP: 6/6
  2636 | D:3      | Noticed a moth of wrath
  2638 | D:3      | Found a bloodstained altar of Trog.
  2804 | D:4      | Reached skill level 6 in Long Blades
  3075 | D:4      | Noticed a phantom
  3088 | D:4      | Killed a phantom
  3088 | D:4      | Reached XP level 7. HP: 30/52 MP: 7/7
  3281 | D:4      | Killed Sigmund
  3281 | D:4      | Reached skill level 5 in Shields
  3488 | D:5      | Entered Level 5 of the Dungeon
  3520 | D:5      | Found a burning altar of Makhleb.
  3544 | D:5      | Became a worshipper of Makhleb the Destroyer
  3614 | D:5      | Found Qanecod's Jewellery Shop.
  3745 | D:5      | Learned a level 1 spell: Freeze
  3985 | D:5      | Reached skill level 5 in Armour
  3985 | D:5      | Reached XP level 8. HP: 5/58 MP: 8/8
  4909 | D:6      | Reached skill level 1 in Dodging
  5257 | D:6      | Found Gablarph's Food Shop.
  5258 | D:6      | Noticed Blork the orc
  5269 | D:6      | Killed Blork the orc
  5353 | D:6      | Found a blossoming altar of Fedhas.
  5354 | D:6      | Found a glowing silver altar of Zin.
  5621 | D:6      | Reached XP level 9. HP: 14/63 MP: 13/13
  5625 | D:6      | Reached skill level 7 in Armour
  5697 | D:6      | Reached * piety under Makhleb
  6167 | D:7      | Reached skill level 8 in Armour
  6613 | D:7      | Found a staircase to the Ecumenical Temple.
  6753 | D:7      | Reached ** piety under Makhleb
  6825 | Temple   | Entered the Ecumenical Temple
  7013 | Temple   | Learned a level 2 spell: Stoneskin
  7277 | D:7      | You fall through a shaft!
  7277 | D:8      | Found a staircase to the Lair.
  7277 | D:8      | Noticed an elephant
  7291 | D:8      | Noticed Maurice
  7404 | D:7      | Reached skill level 1 in Transmutations
  7723 | D:8      | Reached XP level 10. HP: 68/70 MP: 16/16
  7984 | D:8      | Killed an elephant
  8212 | D:8      | Gained mutation: You are resistant to hostile enchantments. [evolution]
  8446 | D:8      | Reached skill level 5 in Spellcasting
  8959 | D:8      | Identified a scroll of acquirement
  8960 | D:8      | Got a polished chain mail
  8971 | D:8      | Identified the +1 chain mail of the Spider Nest {rN++ Regen+ MP-9} (You acquired it on level 8 of the Dungeon)
  9260 | D:8      | Slain by a troll

Action                   |  1- 3 |  4- 6 |  7- 9 | 10-12 || total
-------------------------+-------+-------+-------+-------++-------
Melee: Long sword        |   158 |   308 |   473 |   264 ||  1203
Evoke: Wand              |       |       |     2 |     4 ||     6
  Use: Scroll            |     5 |     8 |     2 |     3 ||    18
       Potion            |     5 |       |     3 |     1 ||     9
  Eat: Chunk             |     1 |     7 |    15 |     7 ||    30
       Pizza             |       |       |       |     2 ||     2
       Beef jerky        |       |       |       |     2 ||     2
